 Dungeon Crawl Stone Soup version 0.29.1-15-g9cfb28693d (console) character file.

Game seed: 5727586232642869145

4 sentinel the Digger (level 2, 14/20 HPs)
             Began as a Meteoran Earth Elementalist on Aug 19, 2023.
             Quit the game on level 1 of the Dungeon.
             The game lasted 00:00:04 (59 turns).

sentinel the Digger (Meteoran Earth Elementalist)     Turns: 59, Time: 00:00:05

Health: 14/20      AC:  2    Str:  9    XL:     2   Next: 0%
Magic:  0/6        EV: 12    Int: 16    God:
Gold:   0          SH:  0    Dex: 14    Spells: 5/6 levels left

rFire   . . .      SeeInvis .   (no weapon)
rCold   . . .      Faith    .   (no shield)
rNeg    . . .      Spirit   .   a - +0 robe
rPois   .          Reflect  .   (no helmet)
rElec   .          Harm     .   (no cloak)
rCorr   .          Rampage  .   (no gloves)
Will    .....                   (no boots)
Stlth   +.........              (no amulet)
HPRegen 0.06/turn               (no ring)
MPRegen 0.10/turn               (no ring)

@: glowing
A: sense surroundings 1, otherworldly, glowing, explore regen
a: no special abilities


You were on level 1 of the Dungeon.
You visited 1 branch of the dungeon, and saw 1 of its levels.

Inventory:

Armour
 a - a +0 robe (worn)
Scrolls
 d - a scroll of blinking {unknown}
 e - a scroll of identify {unknown}
 f - a scroll of amnesia {unknown}
Potions
 b - a potion of magic
 c - a potion of curing {unknown}


   Skills:
 - Level 2.4 Dodging
 - Level 1.4 Stealth
 - Level 2.6 Spellcasting
 - Level 1.2 Transmutations
 + Level 4.1 Earth Magic


You had 5 spell levels left.
You knew the following spells:

 Your Spells              Type           Power      Damage    Failure   Level
a - Sandblast             Erth           30%        2d9       3%          1

Your spell library contained the following spells:

 Spells                   Type           Power      Damage    Failure   Level
 Passwall                 Tmut/Erth      8%         N/A       10%         2
 Stone Arrow              Conj/Erth      16%        3d8       26%         3
 Petrify                  Tmut/Erth      10%        N/A       54%         4


Dungeon Overview and Level Annotations

Branches:
Dungeon (1/15) Zot: 537

Altars:


Innate Abilities, Weirdness & Mutations

You passively map a small area around you.
You are easily found by Zot.
You glow in the dark.
You regain HP and MP as you explore.


Message History

Found 6 stones.
Unknown command.
c - a sedimented clear potion Unknown command.
d - a scroll labelled GIAPHE NORUT Unknown command.
You open the door.
There is an open door here.
There is an open door here.
A hobgoblin comes into view.
Found a scroll labelled WUX KETOLA.
The hobgoblin shouts!
You hear a bark!
Unknown command.
But you're not safe!
Unknown command.
The blast of sand hits the hobgoblin.
The hobgoblin is almost dead.
The blast of sand misses the hobgoblin.
Unknown command.
The blast of sand hits the hobgoblin.
You kill the hobgoblin!
Unknown command.
You can't see any susceptible monsters within range! (Use Z to cast anyway.) Unknown command.
You can't see any susceptible monsters within range! (Use Z to cast anyway.) Unknown command.
No target in view!
No target in view!
You can't see any susceptible monsters within range! (Use Z to cast anyway.) Unknown command.
You can't see any susceptible monsters within range! (Use Z to cast anyway.) Unknown command.
You can't see any susceptible monsters within range! (Use Z to cast anyway.) Unknown command.
You can't see any susceptible monsters within range! (Use Z to cast anyway.) Unknown command.
No target in view!
No target in view!
You can't see any susceptible monsters within range! (Use Z to cast anyway.) Unknown command.
You can't see any susceptible monsters within range! (Use Z to cast anyway.) Unknown command.
You can't see any susceptible monsters within range! (Use Z to cast anyway.) Unknown command.
You can't see any susceptible monsters within range! (Use Z to cast anyway.) Unknown command.
Magic restored.
A rat comes into view.
You see here a scroll labelled WUX KETOLA.
Unknown command.
But you're not safe!
Unknown command.
But you're not safe!
Unknown command.
But you're not safe!
Unknown command.
But you're not safe!
Unknown command.
The blast of sand hits the rat!
You kill the rat!
You can't see any susceptible monsters within range! (Use Z to cast anyway.) Unknown command.
You can't see any susceptible monsters within range! (Use Z to cast anyway.) Unknown command.
You can't see any susceptible monsters within range! (Use Z to cast anyway.) Unknown command.
You can't see any susceptible monsters within range! (Use Z to cast anyway.) Unknown command.
No target in view!
No target in view!
You can't see any susceptible monsters within range! (Use Z to cast anyway.) Unknown command.
You can't see any susceptible monsters within range! (Use Z to cast anyway.) Unknown command.
You can't see any susceptible monsters within range! (Use Z to cast anyway.) Unknown command.
You can't see any susceptible monsters within range! (Use Z to cast anyway.) Unknown command.
No target in view!
No target in view!
You can't see any susceptible monsters within range! (Use Z to cast anyway.) Unknown command.
You can't see any susceptible monsters within range! (Use Z to cast anyway.) Unknown command.
You can't see any susceptible monsters within range! (Use Z to cast anyway.) Unknown command.
You can't see any susceptible monsters within range! (Use Z to cast anyway.) Unknown command.
e - a scroll labelled WUX KETOLA Unknown command.
f - a scroll labelled MAL NEHOVAKA Unknown command.
A jackal comes into view.
Unknown command.
But you're not safe!
Unknown command.
But you're not safe!
Unknown command.
The jackal barks!
A jackal comes into view. x2
The blast of sand hits the jackal.
You kill the jackal!
The jackal barks! x2
Unknown command.
You miscast Sandblast.
You are very lightly contaminated with residual magic.
Nothing appears to happen.
The blast of sand hits the jackal.
The jackal is severely wounded.
Unknown command.
The blast of sand hits the jackal.
You kill the jackal!
The jackal bites you.
Your Earth Magic skill increases to level 4!
You have reached level 2!
Unknown command.
The blast of sand hits the jackal.
The jackal is moderately wounded.
The jackal bites you. x3
Unknown command.
You hit the jackal but do no damage.
The jackal is moderately wounded.
The jackal closely misses you.
You miss the jackal.
The jackal is moderately wounded.
The jackal bites you but does no damage.
Your magical contamination has completely faded away.
You are out of magic!
Unknown command.
You are out of magic!
Unknown command.
You are out of magic!
Unknown command.
You are out of magic!
Unknown command.
But you're not safe!
Unknown command.
But you're not safe!
Unknown command.
But you're not safe!
Unknown command.
But you're not safe!
Unknown command.
But you're not safe!
Unknown command.
Unknown command.
Unknown command.
Unknown command.
Unknown command.
Are you sure you want to abandon this character and quit the game? (Confirm with "yes".)

, , , ,, , , ......... , ,
, , #......., .....
#......, . ,, .....*
*.....##.. ,, #.,,
.....##*........., #.*
....... #†........, #.##
.......*#h........,
##..####......##@......#
,,, *.....
#...............#* . ...
#..............###..
♣.♣###................... ,
,
#.##.#...................,
* ,
+....#...................
,##.##<#......###......##**
*#P.♣######...###......# ,
, #♣...P# #.........#### ,
* ,


You could see a jackal.

Vanquished Creatures
  A hobgoblin (D:1)
  2 jackals (D:1)
  A rat (D:1)
4 creatures vanquished.

Notes
Turn   | Place    | Note
-------+----------+-------------------------------------------
     0 | D:1      | sentinel the Meteoran Earth Elementalist began the quest
                  | for the Orb.
     0 | D:1      | Reached XP level 1. HP: 14/14 MP: 5/5
    56 | D:1      | Reached skill level 4 in Earth Magic
    56 | D:1      | Reached XP level 2. HP: 19/20 MP: 1/6
    59 | D:1      | Quit the game

Illustrated notes

Levels and vault maps discovered:
D:1:      sevenhm_arrival_forest_fort_small_4, layout_basic, serial_shops, shop,
          minmay_misc_feat_hallway

Skill      XL: |  1 |
---------------+----+-----
Earth Magic    | 4 |  4.1
Dodging        | |  2.4
Stealth        | |  1.4
Spellcasting   | |  2.6
Transmutations | |  1.2

Action                   || total
-------------------------++-------
Melee: Unarmed           ||     2
 Cast: Sandblast         ||     8
Armor: Robe              ||     1
Dodge: Dodged            ||     1
